 Dungeon Crawl Stone Soup version 0.32-a0-768-g0f6f1dd4b9 (webtiles) character file.

Game seed: 7320157567320592165

830 ezpacito the Chopper (level 7, -3/55 HPs)
             Began as a Coglin Chaos Knight on Mar 18, 2024.
             Was a Plaything of Xom.
             Succumbed to an orc warrior's poison
             ... on level 4 of the Dungeon.
             The game lasted 00:05:17 (3678 turns).

ezpacito the Chopper (Coglin Chaos Knight)          Turns: 3678, Time: 00:05:18

Health: -3/55      AC: 10    Str: 15      XL:     7   Next: 97%
Magic:  9/9        EV:  7    Int: 11      God:    Xom [....*.]
Gold:   234        SH:  0    Dex: 10 (13) Spells: 9/9 levels left

rFire   . . .        a - +4 hand axe (chaos) {Ishpreet}
rCold   . . .        k - +2 whip (flame) {Bonhwa}
rNeg    . . .        g - +0 chain mail
rPois   .            (no helmet)
rElec   .            d - +0 cloak
rCorr   .            (no gloves)
SInv    .            (no boots)
Will    .....        (amulet unavailable) Stlth
                     (ring unavailable)
HPRegen 0.29/turn    (ring unavailable)
MPRegen 0.11/turn    (no gizmo)

%: no passive effects
@: lethally poisoned (-3 -> -32), about to teleport, revving
A: off-hand wielding, slow wielding, warmup strikes, no jewellery
a: Invent Gizmo, Renounce Religion


You were on level 4 of the Dungeon.
You worshipped Xom.
You were a beloved toy of Xom.
You visited 1 branch of the dungeon, and saw 4 of its levels.

You collected 234 gold pieces.

Inventory:

Hand Weapons
 a - a +4 hand axe of chaos (weapon) {Ishpreet}
 k - a +2 whip of flaming (offhand) {Bonhwa}
Missiles
 h - 8 boomerangs (quivered)
 n - 3 darts of dispersal
 o - 3 poisoned darts
Armour
 b - a +0 plate armour
 d - a +0 cloak (worn)
 g - a +0 chain mail (worn)
 p - a +0 helmet
Magical Staves
 j - a staff of death
Talismans
 f - a beast talisman
 u - a granite talisman
Wands
 r - a wand of flame (16)
Scrolls
 l - 2 scrolls of noise
 m - a scroll of immolation
 t - a scroll of teleportation
Potions
 q - 2 potions of attraction


   Skills:
 * Level 4.6 Fighting
 * Level 4.6(4.9) Axes
 + Level 1.9(3.3) Polearms
 * Level 3.6 Armour
 * Level 3.2 Dodging
 + Level 1.7 Stealth
 + Level 1.6 Spellcasting
 + Level 1.3 Necromancy
 + Level 1.8 Evocations


You had 9 spell levels left.
You didn't know any spells.
Your spell library contained the following spells:

 Spells                   Type           Power      Damage    Failure   Level
 Blink                    Tloc           0%         N/A       99%         2
 Lesser Beckoning         Tloc           0%         N/A       99%         2
 Momentum Strike          Conj/Tloc      0%         3d8       99%         2
 Sigil of Binding         Hex            0%         N/A       100%        3
 Death Channel            Necr           1%         N/A       100%        6
 Sculpt Simulacrum        Ice/Alch       0%         N/A       100%        6


Dungeon Overview and Level Annotations

Branches:
Dungeon (4/15)
 Temple: D:4-7

Altars:
Xom

Annotations:
D:4 Blork the orc


Innate Abilities, Weirdness & Mutations

You can wield a second weapon in your off-hand.
It takes a long time for you to wield or remove held weapons.
Your first few attacks do less damage.
You cannot equip rings or amulets.


Message History

The orc warrior hits you with a +0 halberd of venom!
You are poisoned.
You take 12 damage, and have 40/55 hp.
MASSIVE DAMAGE!!
You slash the orc warrior with your +4 hand axe of chaos!
You freeze the orc warrior.
The orc warrior is moderately wounded.
You hit the orc warrior but do no damage.
You feel very sick. The orc warrior barely misses you.
You take 4 damage, and have 36/55 hp.
You are too injured to fight recklessly!
You are too injured to fight recklessly!
You closely miss the orc warrior with your +2 whip of flaming.
The orc warrior is moderately wounded.
You hit the orc warrior but do no damage.
The orc warrior seems to speed up.
You feel sick. The orc warrior barely misses you.
You take 2 damage, and have 34/55 hp.
You hit the orc warrior but do no damage.
The orc warrior is moderately wounded.
You hit the orc wizard with your +4 hand axe of chaos.
The orc wizard suddenly seems more resistant.
You closely miss the orc warrior with your +2 whip of flaming.
You feel sick.
The orc warrior hits you with a +0 halberd of venom.
The orc wizard barely misses you.
The orc warrior hits you with a +0 halberd of venom!
You are more poisoned.
You take 11 damage, and have 23/55 hp.
Okay, then.
As you read the scroll of teleportation, it crumbles to dust.
You feel strangely unstable.
You feel very sick.
The orc wizard hits you but does no damage.
The orc warrior hits you with a +0 halberd of venom!
* * * LOW HITPOINT WARNING * * *
You are more poisoned.
You take 19 damage, and have 4/55 hp.
MASSIVE DAMAGE!!
You die...
Xom laughs nastily!

....... ## .._..# .##
.o...# # ####..###
).{..# .##.......#
b)...##.# <...#.#.#.#
#######.###.##....../#
# ###.#... #.#o#.#.#
## #.....####...o...#
.####....<.....#@#.#.#
.........#.###.......#
...........>..)......#
#.##.....##.#######.##
#.##..##=........# .#
#+###.##.........# #
..###.##.........#
....#.##.........#
....#.##.........#


You could see an orc warrior (fast) and an orc wizard (resistant).

Vanquished Creatures
  Grinder (D:4)
  Menkaure (D:4)
  A centaur (D:3)
  A bombardier beetle (D:4)
  A hound (D:4)
  An orc priest (D:2)
  Crazy Yiuf (D:2)
  Natasha (thrice) (D:3)
  Terence (D:2)
  2 orc wizards (D:4)
  3 gnolls (D:3)
  5 adders
  5 dart slugs
  2 ribbon worms
  6 orcs
  3 ball pythons (D:2)
  4 bats
  7 endoplasms
  5 giant cockroaches
  5 goblins
  6 hobgoblins
  4 quokkas
  A frilled lizard (D:2)
  10 kobolds
  8 rats
87 creatures vanquished.

Notes
Turn   | Place    | Note
-------+----------+-------------------------------------------
     0 | D:1      | ezpacito the Coglin Chaos Knight began the quest for the
                  | Orb.
     0 | D:1      | Reached XP level 1. HP: 18/18 MP: 1/1
    46 | D:1      | Reached skill level 1 in Dodging
   121 | D:1      | Reached XP level 2. HP: 22/24 MP: 2/2
   193 | D:1      | XOM: noise
   356 | D:1      | Reached XP level 3. HP: 29/29 MP: 3/3
   700 | D:2      | Reached XP level 4. HP: 32/35 MP: 4/4
   822 | D:2      | XOM: noise
  1121 | D:2      | Found a runed translucent door.
  1122 | D:2      | Noticed Crazy Yiuf
  1188 | D:2      | HP: 2/52 [poisoned by a kobold]
  1357 | D:2      | Noticed Terence
  1357 | D:2      | XOM: potion effect (brilliance)
  1364 | D:2      | Killed Terence
  1365 | D:2      | Reached XP level 5. HP: 40/42 MP: 4/6
  1446 | D:2      | Reached skill level 1 in Polearms
  1628 | D:2      | XOM: 3-stop teleportation journey
  1686 | D:2      | Killed Crazy Yiuf
  1687 | D:2      | Reached skill level 1 in Stealth
  1971 | D:3      | Reached skill level 1 in Spellcasting
  2107 | D:3      | XOM: summons 4 hostile shadow creatures
  2216 | D:3      | Noticed Natasha
  2224 | D:3      | Killed Natasha
  2225 | D:3      | Reached XP level 6. HP: 40/48 MP: 7/7
  2414 | D:3      | Noticed Natasha
  2423 | D:3      | XOM: repel stairs
  2427 | D:3      | Killed Natasha
  2790 | D:3      | Noticed Natasha
  2798 | D:3      | Killed Natasha
  2935 | D:4      | Reached skill level 1 in Evocations
  2983 | D:4      | Reached XP level 7. HP: 54/54 MP: 8/8
  3090 | D:4      | Noticed Grinder
  3093 | D:4      | Paralysed by Grinder for 3 turns
  3098 | D:4      | Killed Grinder
  3099 | D:4      | Reached skill level 1 in Necromancy
  3200 | D:4      | XOM: summons 4 hostile demons
  3352 | D:4      | Noticed Menkaure
  3358 | D:4      | Killed Menkaure
  3454 | D:4      | Noticed Blork the orc
  3459 | D:4      | XOM: smoke on damage
  3466 | D:4      | XOM: scenery: create altars
  3499 | D:4      | XOM: divination: detect items
  3678 | D:4      | Succumbed to an orc warrior's poison

Illustrated notes

Levels and vault maps discovered:
D:1:      psy_arrival_wood_between_worlds, layout_basic, minmay_domino_4
D:2:      cheibrodos_pilgrimage, layout_loops_ring, uniq_terence,
          uniq_crazy_yiuf_cottage
D:3:      layout_rooms, serial_bayou, serial_bayou_lagoon_a,
          serial_bayou_pond_a, serial_bayou_shore_a, serial_bayou_lagoon_b,
          serial_bayou_ford_a, serial_bayou_pond_c, uniq_natasha
D:4:      nicolae_cairo_tiling_very_big, layout_basic, serial_glass,
          glass_columns_a, glass_columns_b, uniq_grinder, uniq_menkaure,
          uniq_blork_the_orc

Skill      XL: |  1  2  3  4  5  6  7 |
---------------+----------------------+-----
Dodging        | 1 2 3 |  3.2
Armour         | 2 3 |  3.6
Polearms       | 1 |  1.9
Stealth        | 1 |  1.7
Spellcasting   | 1 |  1.6
Fighting       | 4 |  4.6
Axes           | 4 |  4.6
Evocations     | 1 |  1.8
Necromancy     | 1 |  1.3

Action                     |  1- 3 |  4- 6 |  7- 9 || total
---------------------------+-------+-------+-------++-------
  Melee: Hand axe          |    47 |   115 |    43 ||   205
         Dagger            |    24 |       |       ||    24
         Whip              |    17 |   115 |    40 ||   172
  Evoke: Wand              |       |       |     2 ||     2
    Use: Scroll            |       |     3 |    12 ||    15
         Potion            |       |     3 |     2 ||     5
   Stab: Sleeping          |     1 |     2 |       ||     3
         Confused          |       |     1 |     1 ||     2
 Armour: Leather armour    |    28 |    36 |       ||    64
         Chain mail        |       |    57 |   109 ||   166
  Dodge: Dodged            |    34 |    62 |    43 ||   139

Table legend: (Time is in decaauts)
 A = Elapsed time spent in this place.
 B = Non-inter-level travel time spent in this place.
 C = Inter-level travel time spent in this place.
 D = Time resting spent in this place.
 E = Time spent auto-exploring this place.
 F = Levels seen in this place.
 G = Mean time per level.
                   A        B        C        D        E       F      G
               +--------+--------+--------+--------+--------+-----+--------+
         Total |   3733 |   3476 |    257 |    299 |   2560 |   4 |  933.2 |
       Dungeon |   3733 |   3476 |    257 |    299 |   2560 |   4 |  933.2 |
               +--------+--------+--------+--------+--------+-----+--------+

Top non-repeatable levels by time:
     D:2: 1282 daAuts
     D:3: 1032 daAuts
     D:4: 753 daAuts
     D:1: 665 daAuts
